 Dungeon Crawl Stone Soup version 0.24-a0-25-g8489be9 (webtiles) character file.

Game seed: 10579388237044412883

134 JeffiDaFish the Magician (level 4, -3/24 HPs)
             Began as a Deep Elf Fire Elementalist on Feb 2, 2019.
             Blown up by a hobgoblin (18 damage)
             ... with a wand of disintegration (7)
             ... on level 3 of the Dungeon.
             The game lasted 00:04:36 (2415 turns).

JeffiDaFish the Magician (DEFE)                     Turns: 2415, Time: 00:04:36

Health: -3/24      AC:  4    Str:  6    XL:     4   Next: 95%
Magic:  5/12       EV: 13    Int: 20    God:
Gold:   95         SH:  0    Dex: 15    Spells: 11/12 levels left

rFire    . . .     SeeInvis .   k - +1 whip
rCold    . . .     Gourm    .   (no shield)
rNeg     . . .     Faith    .   a - +0 robe
rPois    .         Spirit   .   (no helmet)
rElec    .         Reflect  .   j - -1 cloak (curse)
rCorr    +         Harm     .   m - +0 pair of gloves
MR       .....                  g - +0 pair of boots
Stlth    ++........             (no amulet)
HPRegen  0.08/turn              d - ring of resist corrosion
MPRegen  0.13/turn              (no ring)

@: lethally poisoned (-3 -> -6)
A: no striking features
a: no special abilities


You were on level 3 of the Dungeon.
You were not hungry.

You visited 1 branch of the dungeon, and saw 3 of its levels.

You collected 95 gold pieces.

Inventory:

Hand Weapons
 k - a +1 whip (weapon)
Armour
 a - a +0 robe (worn)
 g - a +0 pair of boots (worn)
 j - a cursed -1 cloak (worn)
 m - a +0 pair of gloves (worn)
Jewellery
 d - a ring of resist corrosion (left hand)
Wands
 b - a wand of flame (21)
Scrolls
 f - a scroll of remove curse
 h - 2 scrolls of magic mapping
 i - 3 scrolls of identify
 l - 2 scrolls of enchant weapon
Potions
 e - 2 potions of agility
Comestibles
 c - 3 rations


   Skills:
 + Level 3.3 Dodging
 - Level 2.4 Stealth
 * Level 4.8 Spellcasting
 + Level 2.2 Conjurations
 * Level 4.4 Fire Magic


You had 11 spell levels left.
You knew the following spells:

 Your Spells              Type           Power        Failure   Level  Hunger
a - Flame Tongue          Conj/Fire      ###..        3%          1    None

Your spell library contained the following spells:

 Spells                   Type           Power        Failure   Level  Hunger
 Throw Flame              Conj/Fire      ###...       4%          2    #......
 Conjure Flame            Conj/Fire      ###.....     9%          3    ##.....
 Inner Flame              Hex/Fire       ##......     14%         3    ##.....
 Sticky Flame             Conj/Fire      ###.....     30%         4    ####...
 Fireball                 Conj/Fire      ###.......   63%         5    ######.


Dungeon Overview and Level Annotations

Branches:
Dungeon (3/15)

Altars:
Qazlal
Ru


Message History

You kill the orc!
You feel sick.
Casting: Flame Tongue (safe; 3% risk of failure)
Confirm with . or Enter, or press ? or * to list all spells.
Aiming: Flame Tongue (safe; 3% risk of failure)
Press: ? - help, Shift-Dir - straight line, f - ball python
Aim: a ball python The flame tongue hits the ball python.
You kill the ball python!
Casting: Flame Tongue (safe; 3% risk of failure)
Confirm with . or Enter, or press ? or * to list all spells.
Aiming: Flame Tongue (safe; 3% risk of failure)
Press: ? - help, Shift-Dir - straight line, f - giant cockroach
Aim: a giant cockroach (clinging)
The flame tongue hits the giant cockroach!
You kill the giant cockroach!
A rat comes into view.
The hobgoblin zaps a wand.
You are blasted!
Ouch! That really hurt!
You die...

....#### ##... #######...##
#.... .?#
..≈≈≈..#...#######.... .S..
.≈...≈..#........#>... ....#
.≈._.≈...#.#####...... .....#
.≈...≈..#.## ###....
.(....#..≈≈≈.[#.## #(..)
.....r.#######.##########....
.?........g)@................
.........$#################..
#....>.#### #### ##..... #...
##..## #.## #.. #.# #. ###.#
# ###...# ###...###


You could see a hobgoblin and a rat.

Vanquished Creatures
  Terence (D:3)
  4 adders
  A dart slug (D:2)
  3 leopard geckos
  An orc (D:3)
  3 ball pythons
  4 bats
  7 giant cockroaches
  3 goblins (D:1)
  14 hobgoblins
  6 jackals (D:2)
  3 frilled lizards
  7 kobolds
  5 rats
62 creatures vanquished.

Notes
Turn   | Place    | Note
-------+----------+-------------------------------------------
     0 | D:1      | JeffiDaFish the Deep Elf Fire Elementalist began the quest
                  | for the Orb.
     0 | D:1      | Reached XP level 1. HP: 10/10 MP: 6/6
   210 | D:1      | Reached XP level 2. HP: 15/15 MP: 4/8
   775 | D:1      | Reached XP level 3. HP: 19/19 MP: 8/10
  1668 | D:2      | Reached XP level 4. HP: 24/24 MP: 8/12
  1690 | D:2      | Found a stormy altar of Qazlal.
  2021 | D:3      | Noticed Terence
  2033 | D:3      | Killed Terence
  2383 | D:3      | Found a sacrificial altar of Ru.
  2415 | D:3      | Blown up by a hobgoblin

Vault maps used:
D:1:      mushboom_english_gardens
D:2:      grunt_qazlal_clouds, first_ration
D:3:      nicolae_ru_awakened_eye, uniq_terence

Skill      XL: |  1  2  3  4 |
---------------+-------------+-----
Spellcasting   | 4 |  4.8
Fire Magic     | 4 |  4.4
Dodging        | 3 |  3.3
Conjurations   | 2 |  2.2
Stealth        | |  2.4

Action                   |  1- 3 |  4- 6 || total
-------------------------+-------+-------++-------
Melee: Unarmed           |     5 |       ||     5
       Whip              |     1 |     4 ||     5
 Cast: Flame Tongue      |    81 |    27 ||   108
  Use: Scroll            |     3 |     1 ||     4
       Potion            |     1 |       ||     1
  Eat: Chunk             |     2 |     2 ||     4
Armor: Robe              |    11 |     5 ||    16
Dodge: Dodged            |    36 |    10 ||    46

Table legend:
 A = Non-vault XP
 B = Vault XP
 C = Vault XP percentage of total XP
 D = Non-vault monster count
 E = Vault monster count
 F = Vault count percentage of total count
                 A         B        C        D         E       F
            +---------+---------+-------+---------+---------+-------
      Total |     156 |      36 |  18.8 |      61 |       1 |   1.6
            +---------+---------+-------+---------+---------+-------
        D:1 |      49 |       0 |   0.0 |      27 |       0 |   0.0
        D:2 |      52 |       0 |   0.0 |      24 |       0 |   0.0
        D:3 |      55 |      36 |  39.6 |      10 |       1 |   9.1
            +---------+---------+-------+---------+---------+-------
